[ AOE2 MATCH · #506157052 ]
UnrankedMongols vs Japanese
Player's team · LOSS
Rival team · WIN
[ REPLAY ANALYSIS · EXTRACTED FROM THE RECORDED GAME ]
Feudal
9:20
Castle
—
Imperial
—
| APM avg | 56.1 |
| APM peak | 103 |
| eAPM avg | 23.4 |
| Villagers / military | 81 / 48 |
Focus
⚔️ 21.0% · 🌾 79.0%
Skirmisher ×28 · Scout Cavalry ×19 · Archer ×1
Feudal
8:35
Castle
31:25
Imperial
—
| APM avg | 67.1 |
| APM peak | 106 |
| eAPM avg | 31.9 |
| Villagers / military | 69 / 47 |
Focus
⚔️ 31.5% · 🌾 68.5%
Archer ×23 · Militia ×18 · Spearman ×6
Match map
Initial resources + every placement click. Lines = walls · curves = elevation contours. ◆ gold · ⬟ stone · ● berries · ✦ relic · ◌ wall gap
Your base· Open — unwalled flank
SimmaHem7912's base· Open — unwalled flank
Smoothed initial terrain · ◌ = detected wall gap · hover for details
Inputs per minute
— Table_Rase - - SimmaHem7912
Build order — Table_Rase
First 150 of 219 actions detected
| 0:00 | Queue | Villager (Male) |
| 0:01 | Build | House |
| 0:02 | Build | House |
| 0:05 | Queue | Villager (Male) |
| 0:05 | Queue | Villager (Male) |
| 0:05 | Queue | Villager (Male) |
| 1:26 | Queue | Villager (Male) |
| 1:26 | Queue | Villager (Male) |
| 1:59 | Queue | Villager (Male) |
| 1:59 | Queue | Villager (Male) |
| 2:10 | Build | Lumber Camp |
| 2:22 | Queue | Villager (Male) |
| 2:49 | Queue | Villager (Male) |
| 2:49 | Queue | Villager (Male) |
| 2:52 | Queue | Villager (Male) |
| 2:53 | Queue | Villager (Male) |
| 3:17 | Build | House |
| 3:40 | Queue | Villager (Male) |
| 3:40 | Queue | Villager (Male) |
| 3:40 | Queue | Villager (Male) |
| 3:43 | Queue | Villager (Male) |
| 3:44 | Queue | Villager (Male) |
| 3:52 | Queue | Villager (Male) |
| 4:22 | Build | Mill |
| 5:09 | Queue | Villager (Male) |
| 5:47 | Queue | Villager (Male) |
| 6:16 | Queue | Villager (Male) |
| 6:45 | Research | Loom |
| 7:06 | Research | Feudal Age |
| 7:06 | Research | Feudal Age |
| 7:36 | Build | Barracks |
| 7:39 | Queue | Villager (Male) |
| 8:10 | Build | House |
| 8:19 | Build | Palisade Wall |
| 8:21 | Queue | Villager (Male) |
| 9:00 | Queue | Villager (Male) |
| 9:20 | Age | Feudal Age |
| 9:26 | Build | Stable |
| 9:53 | Build | Archery Range |
| 9:54 | Queue | Villager (Male) |
| 9:57 | Research | Double-Bit Axe |
| 10:25 | Build | Mill |
| 10:34 | Queue | Villager (Male) |
| 10:36 | Queue | Archer |
| 11:02 | Build | Farm |
| 11:32 | Build | Farm |
| 11:36 | Queue | Skirmisher |
| 11:36 | Queue | Skirmisher |
| 11:45 | Build | Farm |
| 11:50 | Build | House |
| 11:51 | Build | House |
| 11:55 | Queue | Villager (Male) |
| 12:14 | Queue | Scout Cavalry |
| 12:44 | Queue | Skirmisher |
| 12:44 | Queue | Skirmisher |
| 12:48 | Build | Farm |
| 12:48 | Build | Farm |
| 12:48 | Build | Farm |
| 12:48 | Build | Farm |
| 12:56 | Queue | Villager (Male) |
| 12:56 | Queue | Villager (Male) |
| 12:57 | Build | Farm |
| 13:02 | Build | Farm |
| 13:20 | Build | House |
| 13:25 | Queue | Villager (Male) |
| 13:26 | Build | House |
| 13:33 | Build | Farm |
| 13:39 | Build | Farm |
| 13:47 | Build | Mill |
| 13:51 | Queue | Villager (Male) |
| 14:12 | Build | Farm |
| 14:14 | Queue | Villager (Male) |
| 14:29 | Queue | Skirmisher |
| 14:29 | Queue | Skirmisher |
| 14:41 | Queue | Villager (Male) |
| 14:44 | Build | Farm |
| 14:44 | Build | Farm |
| 15:14 | Build | Farm |
| 15:16 | Queue | Skirmisher |
| 15:16 | Queue | Skirmisher |
| 15:18 | Queue | Scout Cavalry |
| 15:18 | Queue | Scout Cavalry |
| 15:28 | Queue | Skirmisher |
| 15:28 | Queue | Skirmisher |
| 15:33 | Queue | Villager (Male) |
| 15:46 | Queue | Villager (Male) |
| 15:51 | Queue | Skirmisher |
| 16:06 | Queue | Scout Cavalry |
| 16:18 | Queue | Skirmisher |
| 17:31 | Build | Watch Tower |
| 17:56 | Build | Watch Tower |
| 18:14 | Build | Mining Camp |
| 18:16 | Queue | Villager (Male) |
| 18:16 | Queue | Villager (Male) |
| 18:17 | Queue | Villager (Male) |
| 18:19 | Queue | Scout Cavalry |
| 18:20 | Queue | Scout Cavalry |
| 18:22 | Queue | Skirmisher |
| 18:23 | Queue | Skirmisher |
| 18:23 | Queue | Skirmisher |
| 18:28 | Build | House |
| 18:34 | Build | Blacksmith |
| 18:35 | Queue | Villager (Male) |
| 18:50 | Queue | Skirmisher |
| 18:51 | Queue | Skirmisher |
| 18:57 | Build | House |
| 18:58 | Build | House |
| 19:00 | Build | Palisade Wall |
| 19:02 | Build | Palisade Wall |
| 19:07 | Build | Farm |
| 19:08 | Queue | Villager (Male) |
| 19:10 | Build | Mining Camp |
| 19:47 | Queue | Scout Cavalry |
| 19:47 | Queue | Scout Cavalry |
| 19:47 | Queue | Scout Cavalry |
| 20:01 | Build | Watch Tower |
| 20:18 | Build | Farm |
| 20:21 | Queue | Villager (Male) |
| 20:21 | Queue | Villager (Male) |
| 20:38 | Build | Mill |
| 20:55 | Queue | Villager (Male) |
| 21:00 | Queue | Scout Cavalry |
| 21:14 | Build | Farm |
| 21:17 | Build | Farm |
| 21:37 | Queue | Villager (Male) |
| 21:42 | Build | Farm |
| 22:09 | Queue | Villager (Male) |
| 22:09 | Queue | Villager (Male) |
| 22:17 | Queue | Villager (Male) |
| 22:35 | Queue | Villager (Male) |
| 23:09 | Build | Watch Tower |
| 23:11 | Build | Farm |
| 23:39 | Build | Lumber Camp |
| 23:45 | Queue | Villager (Male) |
| 23:58 | Queue | Villager (Male) |
| 24:10 | Research | Fletching |
| 24:24 | Queue | Villager (Male) |
| 24:38 | Build | Market |
| 24:41 | Queue | Villager (Male) |
| 24:49 | Queue | Skirmisher |
| 25:26 | Queue | Skirmisher |
| 25:26 | Queue | Skirmisher |
| 25:32 | Queue | Villager (Male) |
| 25:37 | Build | Mill |
| 25:37 | Build | Farm |
| 25:38 | Build | Farm |
| 26:03 | Build | Farm |
| 26:03 | Build | Farm |
| 26:04 | Build | Farm |
| 26:04 | Build | Farm |
Build order — SimmaHem7912
First 150 of 222 actions detected
| 0:01 | Queue | Villager (Male) ×4 |
| 0:01 | Queue | Villager (Male) ×4 |
| 0:02 | Build | House |
| 0:03 | Build | House |
| 1:27 | Queue | Villager (Male) |
| 1:27 | Queue | Villager (Male) |
| 1:50 | Build | House |
| 2:04 | Queue | Villager (Male) |
| 2:23 | Queue | Villager (Male) |
| 2:47 | Queue | Villager (Male) |
| 2:48 | Queue | Villager (Male) |
| 3:04 | Build | Mill |
| 3:10 | Queue | Villager (Male) |
| 3:38 | Queue | Villager (Male) |
| 3:38 | Queue | Villager (Male) |
| 3:45 | Build | Lumber Camp |
| 4:11 | Queue | Villager (Male) |
| 4:12 | Queue | Villager (Male) |
| 5:06 | Queue | Villager (Male) |
| 5:42 | Research | Loom |
| 6:25 | Research | Feudal Age |
| 6:25 | Research | Feudal Age |
| 7:05 | Queue | Villager (Male) |
| 7:29 | Build | Barracks |
| 7:31 | Queue | Villager (Male) |
| 7:45 | Build | Mining Camp |
| 8:07 | Queue | Villager (Male) |
| 8:15 | Queue | Militia |
| 8:15 | Queue | Militia |
| 8:27 | Build | House |
| 8:35 | Age | Feudal Age |
| 8:51 | Queue | Villager (Male) |
| 8:54 | Queue | Villager (Male) |
| 9:00 | Queue | Villager (Male) |
| 9:03 | Build | Archery Range |
| 9:08 | Build | Blacksmith |
| 9:38 | Queue | Villager (Male) |
| 9:52 | Queue | Archer |
| 9:54 | Build | Blacksmith |
| 10:37 | Queue | Archer |
| 10:41 | Queue | Villager (Male) |
| 10:42 | Queue | Villager (Male) |
| 10:43 | Queue | Archer |
| 11:30 | Queue | Villager (Male) |
| 11:39 | Build | Archery Range |
| 11:41 | Build | House |
| 11:48 | Queue | Villager (Male) |
| 11:50 | Queue | Archer |
| 11:57 | Research | Fletching |
| 12:39 | Queue | Villager (Male) |
| 12:41 | Queue | Archer |
| 12:41 | Queue | Archer |
| 12:57 | Queue | Villager (Male) |
| 12:59 | Build | Mill |
| 13:08 | Queue | Villager (Male) |
| 13:11 | Queue | Archer |
| 13:33 | Queue | Villager (Male) |
| 13:38 | Build | House |
| 13:43 | Queue | Archer |
| 14:18 | Queue | Villager (Male) |
| 14:20 | Build | House |
| 14:27 | Queue | Villager (Male) |
| 14:30 | Queue | Villager (Male) |
| 14:35 | Build | Mining Camp |
| 14:40 | Research | Padded Archer Armor |
| 15:27 | Queue | Villager (Male) |
| 15:34 | Queue | Villager (Male) |
| 15:45 | Build | Farm |
| 15:45 | Build | Farm |
| 15:45 | Build | Farm |
| 15:46 | Build | Farm |
| 15:54 | Build | Watch Tower |
| 16:02 | Queue | Villager (Male) |
| 16:18 | Queue | Archer |
| 16:19 | Queue | Archer |
| 17:43 | Queue | Villager (Male) |
| 17:45 | Queue | Archer |
| 17:45 | Queue | Archer |
| 17:46 | Queue | Archer |
| 17:54 | Build | House |
| 18:05 | Build | Watch Tower |
| 18:11 | Queue | Villager (Male) |
| 18:15 | Build | Farm |
| 18:32 | Queue | Archer |
| 18:32 | Queue | Archer |
| 18:35 | Queue | Villager (Male) |
| 18:46 | Queue | Archer |
| 18:58 | Queue | Villager (Male) |
| 19:01 | Queue | Archer |
| 19:06 | Build | Watch Tower |
| 19:18 | Build | Palisade Wall |
| 19:19 | Build | Palisade Wall |
| 19:21 | Queue | Spearman |
| 19:50 | Queue | Villager (Male) |
| 19:52 | Build | Farm |
| 19:58 | Research | Horse Collar |
| 20:17 | Build | Watch Tower |
| 20:29 | Queue | Villager (Male) |
| 20:32 | Research | Double-Bit Axe |
| 20:32 | Research | Double-Bit Axe |
| 20:37 | Queue | Villager (Male) |
| 20:53 | Queue | Villager (Male) |
| 20:56 | Queue | Spearman |
| 20:59 | Build | House |
| 21:02 | Research | Wheelbarrow |
| 21:18 | Build | House |
| 21:30 | Build | House |
| 21:51 | Queue | Villager (Male) |
| 21:55 | Queue | Spearman |
| 22:03 | Build | House |
| 22:05 | Build | House |
| 22:09 | Build | House |
| 22:13 | Build | House |
| 22:14 | Build | House |
| 22:16 | Build | House |
| 22:26 | Queue | Militia |
| 22:28 | Queue | Spearman |
| 22:28 | Queue | Spearman |
| 22:35 | Queue | Villager (Male) |
| 22:40 | Build | Farm |
| 22:45 | Build | Farm |
| 23:06 | Build | House |
| 23:07 | Queue | Villager (Male) |
| 23:25 | Build | Lumber Camp |
| 23:40 | Build | Market |
| 23:41 | Queue | Villager (Male) |
| 24:00 | Build | Lumber Camp |
| 24:06 | Queue | Villager (Male) |
| 24:22 | Queue | Villager (Male) |
| 24:25 | Build | Farm |
| 24:47 | Build | Watch Tower |
| 24:51 | Queue | Villager (Male) |
| 24:56 | Build | House |
| 25:17 | Queue | Villager (Male) |
| 25:23 | Queue | Archer |
| 25:24 | Queue | Archer |
| 25:24 | Queue | Archer |
| 25:29 | Build | Watch Tower |
| 25:38 | Queue | Spearman |
| 25:57 | Build | House |
| 25:58 | Queue | Villager (Male) |
| 26:05 | Build | Barracks |
| 26:08 | Queue | Villager (Male) |
| 26:14 | Build | Farm |
| 26:15 | Build | Farm |
| 26:16 | Build | Farm |
| 26:17 | Build | Farm |
| 26:25 | Research | Man-at-Arms (upgrade) |
| 26:25 | Research | Man-at-Arms (upgrade) |
| 26:29 | Queue | Archer |
Match timeline
| 7:29 | SimmaHem7912 · first_building Barracks |
| 7:36 | Table_Rase · first_building Barracks |
| 8:19 | Table_Rase · wall_segment Palisade Wall x10 |
| 8:35 | SimmaHem7912 · age_up feudal |
| 9:03 | SimmaHem7912 · first_building Archery Range |
| 9:20 | Table_Rase · age_up feudal |
| 9:26 | Table_Rase · first_building Stable |
| 9:53 | Table_Rase · first_building Archery Range |
| 19:00 | Table_Rase · wall_segment Palisade Wall x1 |
| 19:02 | Table_Rase · wall_segment Palisade Wall x1 |
| 19:18 | SimmaHem7912 · wall_segment Palisade Wall x1 |
| 19:19 | SimmaHem7912 · wall_segment Palisade Wall x1 |
| 25:30 | Table_Rase · first_market_buy 100 food |
| 27:08 | SimmaHem7912 · wall_segment Stone Wall x19 |
| 28:36 | SimmaHem7912 · first_market_sell 100 wood |
| 28:37 | SimmaHem7912 · first_market_buy 100 food |
| 31:25 | SimmaHem7912 · age_up castle |
| 33:59 | SimmaHem7912 · first_building Siege Workshop |
| 34:50 | Table_Rase · resign |
[ AI ANALYSIS · 1 CREDIT ]
What really happened in this match?
Wolo.gg analyzes every decision: build order, eco, micro, common mistakes by bracket. Personalized analysis on WhatsApp or Discord in 30 seconds.
Civ guide
Mongols
Perfil
Jugador #20909915